AoeStats
← ivcrk826

Enclosed

505666313Analyzed
1v1 RM · 21d ago on Sep 10, 2026· 41m 4s· 2 players
Game mode
Random Map
Map size
Tiny (2 player)
Population
200
Speed
Normal
Resources
Standard
Victory
Conquest
Starting age
Dark Age
Ending age
Imperial Age
RankedLock teamsTeams togetherTeam positionsShared explorationLock speedFull tech treeHidden civsTurbo modeCheats
Victory
Defeat
🇦🇷 Khitans · Argentina
1174
+16
🇸🇬 Koreans · Singapore
1170
-16
blackbeard1
7:52 Loom
10:14 Feudal Age
19:27 Castle Age
23:57 Town Watch
24:47 Wheelbarrow
24:22 Squires
24:25 Double-Bit Axe
30:21 Pikeman
35:48 Fletching
42:32 Imperial Age
ivcrk826
7:00 Loom
10:10 Feudal Age
10:15 Man-at-Arms
11:11 Double-Bit Axe
16:06 Fletching
16:51 Scale Mail Armor
18:03 Forging
23:53 Castle Age
23:47 Scale Barding Armor
23:25 Domestication
24:09 Gold Mining
25:08 Bow Saw
27:09 Husbandry
35:56 Iron Casting
39:38 Imperial Age
39:39 Bodkin Arrow
Connection lost

Rejoining the realm…

Still unreachable

The connection could not be restored.

Session expired

The server has moved on; the page needs a fresh start.